 Dungeon Crawl Stone Soup version 0.31-a0-574-g69dc8cc98e (webtiles) character file.

Game seed: 13236747932479090068

1337 avis the Nimble (level 8, -5/38 HPs)
             Began as a Felid Shapeshifter on Aug 18, 2023.
             Was an Initiate of Gozag.
             Killed from afar by an electric eel (10 damage)
             ... with a bolt of electricity
             ... on level 7 of the Dungeon on Aug 19, 2023.
             The game lasted 00:34:32 (5717 turns).

avis the Nimble (Felid Shapeshifter)                Turns: 5717, Time: 00:34:32

Health: -5/38      AC:  6    Str: 11    XL:     8   Next: 35%
Magic:  9/9        EV: 23    Int:  9    God:    Gozag
Gold:   553        SH:  0    Dex: 19    Spells: 7/7 levels left
                                        Lives:  0   Deaths: 2

rFire   . .          .
                       - Unarmed
rCold   . . .        (shield unavailable)
rNeg    . . .        (body armour unavailable)
rPois   +            (helmet unavailable)
rElec   .            (cloak unavailable)
rCorr   .            (gloves unavailable)
SInv    +            (boots unavailable)
Will    +....        p - amulet of regeneration
Stlth   +            f - ring of poison resistance
HPRegen 1.06/turn    r - +4 ring of protection
MPRegen 0.11/turn

%: no passive effects
@: flux-form, glowing, quick
A: glow, contaminating, very small, claws 1, fangs 3, see invisible, speed 1,
shaggy fur 2, stealthy paws, no weapons or thrown items, no armour, multi-lived
a: Begin Untransformation, Renounce Religion, Potion Petition, Call Merchant,
Bribe Branch


You were on level 7 of the Dungeon.
You worshipped Gozag.
Gozag was pleased with you.
You were something dangerously unstable.
You visited 1 branch of the dungeon, and saw 7 of its levels.
You also visited: Bailey.

You collected 620 gold pieces.
You paid 67 gold pieces to Gozag.

Inventory:

Jewellery
 f - a ring of poison resistance (left paw)
 j - an amulet of magic regeneration
 p - an amulet of regeneration (around neck)
 r - a +4 ring of protection (right paw)
 s - an amulet of faith
Talismans
 b - a beast talisman
 c - a flux talisman (active)
 l - a beast talisman
 v - a dragon-blood talisman
Wands
 a - a wand of flame (15)
 B - a wand of roots (3)
Scrolls
 e - 2 scrolls of silence {unknown}
 g - 3 scrolls of poison {unknown}
 i - 3 scrolls of enchant armour {unknown}
 k - 3 scrolls of identify {unknown}
 m - a scroll of revelation {unknown}
 n - 3 scrolls of teleportation {unknown}
 x - a scroll of fear {unknown}
 y - a scroll of noise {unknown}
 z - 3 scrolls of vulnerability {unknown}
 C - a scroll of enchant weapon {unknown}
 D - a scroll of blinking {unknown}
Potions
 d - a potion of degeneration {unknown}
 h - 5 potions of curing
 o - 3 potions of haste {unknown}
 q - 2 potions of might {unknown}
 t - a potion of enlightenment {unknown}
 u - 2 potions of brilliance {unknown}
 w - a potion of magic {unknown}
Miscellaneous
 A - a tin of tremorstones (2/2)


   Skills:
 + Level 5.8 Fighting
 + Level 8.7 Dodging
 - Level 1.0 Stealth
 + Level 6.6 Unarmed Combat
 * Level 7.8 Shapeshifting


You had 7 spell levels left.
You didn't know any spells.
Your spell library contained the following spells:

 Spells                   Type           Power      Damage    Failure   Level
 Apportation              Tloc           0%         N/A       38%         1
 Magic Dart               Conj           0%         1d3       38%         1
 Necrotise                Necr           0%         1d4       38%         1
 Summon Small Mammal      Summ           0%         N/A       38%         1
 Ensorcelled Hibernation  Hex/Ice        0%         N/A       52%         2
 Passwall                 Tmut/Erth      0%         N/A       52%         2
 Searing Ray              Conj           0%         2d4       52%         2
 Dazzling Flash           Conj/Hex       0%         N/A       77%         3
 Swiftness                Air            0%         N/A       77%         3
 Volatile Blastmotes      Fire/Tloc      0%         2d10      77%         3
 Fulminant Prism          Conj/Hex       0%         3d5       99%         4
 Starburst                Conj/Fire      0%         6d3       100%        6
 Maxwell's Capacitive Co  Air            0%         ∞         100%        8


Dungeon Overview and Level Annotations

Branches:
Dungeon (7/15)             Bailey (visited)
 Temple: D:4-7

Altars:
Gozag
Nemelex Xobeh
Okawaru
Trog

Shops:
D:2 (

Annotations:
D:4 Edmund


Innate Abilities, Weirdness & Mutations

You are something dangerously unstable.
You glow with magical radiation, making you easy to see and hit.
Foes you strike become dangerously contaminated with magical radiation.
You have sharp claws.
You have razor-sharp teeth.
You have supernaturally acute eyesight. (SInv)
You cover ground quickly. (Speed+)
You are covered in thick fur. (AC +2)
Your paws help you pounce on unaware monsters.
You are incapable of wielding weapons or throwing items.
You cannot wear armour.
You gain extra lives every three experience levels.


Message History

The electric eel shoots out a bolt of lightning at you!
The bolt of electricity hits you!
You miss the electric eel.
The electric eel shoots out a bolt of lightning at you!
The bolt of electricity hits you! x2
* * * LOW HITPOINT WARNING * * *
The bolt of electricity hits the electric eel.
The electric eel completely resists.
You scratch the electric eel.
The electric eel begins to glow.
The electric eel is lightly wounded.
You scratch the electric eel.
The electric eel glows dangerously bright.
Your bite misses the electric eel.
The electric eel is heavily wounded.
The electric eel shoots out a bolt of lightning at you!
The bolt of electricity hits you!
* * * LOW HITPOINT WARNING * * *
The bolt of electricity misses you.
The bolt of electricity hits the electric eel.
The electric eel completely resists.
You feel better.
You claw the electric eel!
The electric eel shudders as magic cascades through it.
The electric eel twists and deforms.
The electric eel is almost dead.
You closely miss the electric eel.
The electric eel is almost dead.
The electric eel shoots out a bolt of lightning at you!
The bolt of electricity hits you.
* * * LOW HITPOINT WARNING * * *
The bolt of electricity hits you.
* * * LOW HITPOINT WARNING * * *
The bolt of electricity hits the electric eel.
The electric eel completely resists.
You miss the electric eel.
The electric eel is almost dead.
The electric eel shoots out a bolt of lightning at you!
The bolt of electricity misses you. The bolt of electricity hits you!
You die...
Your body crumbles into a pile of gold.

##..........#.# #....
##.....).#...#)# #.#..
#...####.#.....# #.#[.
#...# #.)....(# #.###
#...######..#..###)#
#...#.[...(...(....###
#...#.~..~~.#.........
##.##.S$..~...##.##.##
##.##B~≈..~~..##.##)##
#......≈~..~.###.##...
.....###._.~~..~.#
#.##### .....
#...≈~..~.# #......
..... #..~~..~~.#
####### .....
...~..≈~..# ....
...~~..~~.## ....
...~..~~..# ...~..~~.#


You could see an electric eel (misshapen).

Vanquished Creatures
  Eustachio (D:4)
  2 steam dragons (D:6)
  Menkaure (D:6)
  Duvessa (D:4)
  An ice beast (D:6)
  6 orc warriors
  A centaur (D:5)
  2 phantoms (D:6)
  6 kobold brigands (Bailey)
  A scorpion (D:5)
  Dowan (D:4)
  An electric eel (D:7)
  4 howler monkeys
  A hound (D:5)
  An orc priest (D:7)
  A gnoll bouda (D:7)
  A jelly (D:5)
  3 iguanas
  3 orc wizards (D:6)
  Robin (D:3)
  7 gnolls
  14 adders
  3 white imps
  A worm (D:2)
  3 dart slugs
  5 orcs
  11 ball pythons
  3 endoplasms
  2 giant cockroaches
  8 hobgoblins
  3 quokkas
  3 bats (D:2)
  2 frilled lizards
  15 goblins
  15 kobolds
  3 rats
137 creatures vanquished.

Vanquished Creatures (others)
  An electric eel (D:6)
1 creature vanquished.

Grand Total: 138 creatures vanquished

Notes
Turn   | Place    | Note
-------+----------+-------------------------------------------
     0 | D:1      | avis the Felid Shapeshifter began the quest for the Orb.
     0 | D:1      | Reached XP level 1. HP: 9/9 MP: 2/2
   129 | D:1      | Reached skill level 3 in Dodging
   206 | D:1      | Reached XP level 2. HP: 12/12 MP: 3/3
  1129 | D:2      | Reached XP level 3. HP: 15/15 MP: 4/4
  1270 | D:2      | Found Vuvveesy's Antique Weapon Shop.
  1381 | D:2      | Reached skill level 4 in Dodging
  1766 | D:2      | Found a sparkling altar of Nemelex Xobeh.
  2061 | D:3      | Noticed Robin
  2087 | D:3      | Killed Robin
  2090 | D:3      | Reached skill level 1 in Stealth
  2095 | D:3      | Reached XP level 4. HP: 19/19 MP: 5/5
  2407 | D:3      | Reached skill level 5 in Dodging
  2643 | D:4      | Noticed Duvessa
  2808 | D:4      | Found an iron altar of Okawaru.
  2850 | D:4      | Noticed Edmund
  2916 | D:4      | Noticed Dowan
  3018 | D:4      | Killed Duvessa
  3019 | D:4      | Reached XP level 5. HP: 23/23 MP: 6/6
  3022 | D:4      | Killed Dowan
  3023 | D:4      | Gained mutation: You are covered in thick fur. (AC +2)
                  | [Felid growth]
  3023 | D:4      | Reached XP level 6. HP: 27/27 MP: 7/7
  3152 | D:4      | Noticed Eustachio
  3170 | D:4      | Killed Eustachio
  3566 | D:5      | Entered Level 5 of the Dungeon
  3649 | D:4      | Reached skill level 6 in Dodging
  3668 | D:5      | Reached XP level 7. HP: 29/31 MP: 8/8
  3704 | D:5      | Reached skill level 5 in Shapeshifting
  3774 | D:5      | Found an opulent altar of Gozag.
  3789 | D:5      | Became a worshipper of Gozag Ym Sagoz the Greedy
  4340 | D:6      | Noticed Menkaure
  4355 | D:6      | Killed Menkaure
  4356 | D:6      | Reached skill level 5 in Unarmed Combat
  4442 | D:6      | Reached XP level 8. HP: 36/36 MP: 9/9
  4457 | D:6      | Reached skill level 7 in Dodging
  4945 | D:6      | Killed from afar by a steam dragon
  4946 | D:6      | Reached XP level 7. HP: 0/33 MP: 8/8
  5107 | D:6      | Killed a steam dragon
  5190 | D:7      | Found a flagged portal.
  5191 | D:7      | Noticed a steam dragon
  5211 | D:6      | Killed a steam dragon
  5212 | D:6      | Reached skill level 5 in Fighting
  5236 | D:7      | Reached XP level 8. HP: 36/37 MP: 9/9
  5242 | Bailey   | Entered a bailey
  5397 | Bailey   | Reached skill level 8 in Dodging
  5437 | Bailey   | Slain by an orc warrior
  5438 | Bailey   | Reached XP level 7. HP: 0/33 MP: 8/8
  5472 | Bailey   | Reached XP level 8. HP: 29/37 MP: 9/9
  5492 | Bailey   | Found an iron altar of Okawaru.
  5500 | Bailey   | Identified the +8 mace of Descent {freeze, Fragile rElec
                  | rF+ Str+5}
  5651 | D:7      | Found a bloodstained altar of Trog.
  5717 | D:7      | Killed from afar by an electric eel

Illustrated notes

Levels and vault maps discovered:
D:1:      evilmike_arrival_hilbert_curve, layout_rooms, minmay_tromino_v4_c
D:2:      layout_loops_corners, basic_altar, serial_shops,
          nicolae_shop_back_alley_shop
D:3:      layout_basic, guppyfry_early_lair_pool, uniq_robin
D:4:      layout_loops_ring, hellmonk_okawaru_the_only_friend_you_need,
          minmay_snake_closets, uniq_edmund, uniq_duvessa, uniq_eustachio
D:5:      layout_cave_pools, grunt_gozag_breadcrumbs
D:6:      layout_basic, kennysheep_cluttered_room, uniq_menkaure
D:7:      minmay_evil_eye, layout_loops_cross, mainiacjoe_overflow_tiny_flanked,
          mainiacjoe_overflow_catch_the_wave, temple_fountains, enter_bailey_2,
          minmay_misc_feat_tiny, serial_park_tiny_pond, uniq_crazy_yiuf_cottage

Skill      XL: |  1  2  3  4  5  6  7  8 |
---------------+-------------------------+-----
Dodging        | 3 4 5 6 8 |  8.7
Stealth        | 1 |  1.0
Fighting       | 2 3 5 |  5.8
Unarmed Combat | 4 5 6 |  6.6
Shapeshifting  | 4 5 7 |  7.8

Action                     |  1- 3 |  4- 6 |  7- 9 || total
---------------------------+-------+-------+-------++-------
  Melee: Unarmed           |    93 |   101 |   253 ||   447
         Bite              |     8 |    11 |    28 ||    47
         Punch             |     5 |     1 |     5 ||    11
  Evoke: Wand              |       |       |     6 ||     6
    Use: Potion            |       |     1 |     4 ||     5
   Stab: Sleeping          |     2 |     7 |     5 ||    14
         Distracted        |       |     1 |     1 ||     2
 Armour: Skin              |     5 |    26 |    27 ||    58
  Dodge: Dodged            |    48 |    90 |   269 ||   407
   Form: Flux              |       |       |     1 ||     1

Table legend: (Time is in decaauts)
 A = Elapsed time spent in this place.
 B = Non-inter-level travel time spent in this place.
 C = Inter-level travel time spent in this place.
 D = Time resting spent in this place.
 E = Time spent auto-exploring this place.
 F = Levels seen in this place.
 G = Mean time per level.
                   A        B        C        D        E       F      G
               +--------+--------+--------+--------+--------+-----+--------+
         Total |   4737 |   4126 |    611 |    111 |   2171 |   8 |  592.1 |
       Dungeon |   4493 |   3882 |    611 |    111 |   2171 |   7 |  641.9 |
        Bailey |    244 |    244 |      0 |      0 |      0 |   1 |  244.0 |
               +--------+--------+--------+--------+--------+-----+--------+

Top non-repeatable levels by time:
     D:6: 839 daAuts
     D:2: 803 daAuts
     D:1: 774 daAuts
     D:4: 737 daAuts
     D:3: 686 daAuts
     D:5: 461 daAuts
  Bailey: 244 daAuts
     D:7: 190 daAuts
